 Dungeon Crawl Stone Soup version 0.30-a0-509-gd016549fea (webtiles) character file.

Game seed: 10295964605190440059

17285 tsouns the Carver (level 12, 0/95 HPs)
             Began as a Vampire Berserker on Dec 21, 2022.
             Was the Champion of Trog.
             Slain by a komodo dragon (22 damage)
             ... on level 1 of the Lair of Beasts on Dec 22, 2022.
             The game lasted 00:22:44 (8424 turns).

tsouns the Carver (Vampire Berserker)               Turns: 8424, Time: 00:22:45

Health: 0/95       AC: 18    Str: 24    XL:     12   Next: 17%
Magic:  12/12      EV: 12    Int: 14    God:    Trog [******]
Gold:   323        SH: 10    Dex: 17    Spells: 11/11 levels left

rFire   . . .      SeeInvis +    y - +4 long sword (vorpal)
rCold   . . .      Faith    .    G - +1 kite shield "Bepsok" {Drain rPois rN+ Str+7}
rNeg    + . .      Spirit   .    H - +5 scale mail of Peek-a-Boo {Will++ Str+2}
rPois   +          Reflect  .    (no helmet)
rElec   .          Harm     .    s - +1 cloak
rCorr   +          Rampage  .    t - +1 pair of gloves
Will    +++..                    (no boots)
Stlth   ++++......               B - amulet of regeneration
HPRegen 1.35/turn                p - ring of flight
MPRegen 0.13/turn                u - ring of resist corrosion

@: lethally poisoned (0 -> -1), marked, flying, healing quickly, studying Staves
A: alive, fangs 3, see invisible, vampiric 2, talons 1, clever 1, shaggy fur 1
a: Exsanguinate, Renounce Religion, Berserk, Trog's Hand, Brothers in Arms


You were on level 1 of the Lair of Beasts.
You worshipped Trog.
Trog was exalted by your worship.
You visited 2 branches of the dungeon, and saw 10 of its levels.
You also visited: Sewer and Bailey.

You collected 611 gold pieces.
You spent 288 gold pieces at shops.

Inventory:

Hand Weapons
 a - a +0 spectral falchion
 e - a +1 whip of electrocution
 y - a +4 vorpal long sword (weapon)
 F - the +6 spear of the Dark Horse {venom, Will+ Int+4 Stlth+}
   (You took it off a gnoll sergeant on level 8 of the Dungeon)

   It poisons the flesh of those it strikes.
   Int:       It affects your intelligence (+4).
   Will:      It increases your willpower.
   Stlth:     It makes you more stealthy.
Armour
 s - a +1 cloak (worn)
 t - a +1 pair of gloves (worn)
 G - the +1 kite shield "Bepsok" (worn) {Drain rPois rN+ Str+7}
   (You took it off a gnoll sergeant on level 8 of the Dungeon)

   Str:       It affects your strength (+7).
   rPois:     It protects you from poison.
   rN:        It protects you from negative energy.
   Drain:     It drains your maximum health when unequipped.
 H - the +5 scale mail of Peek-a-Boo (worn) {Will++ Str+2}
   (You took it off a gnoll on level 8 of the Dungeon)

   Str:       It affects your strength (+2).
   Will:      It greatly increases your willpower.
Jewellery
 p - a ring of flight (left hand)
 u - a ring of resist corrosion (right hand)
 B - an amulet of regeneration (around neck)
Wands
 f - a wand of iceblast (2)
 m - a wand of paralysis (17)
 z - a wand of flame (51)
 C - a wand of light (12)
Scrolls
 d - 8 scrolls of teleportation
 i - 3 scrolls of identify
 l - 2 scrolls of silence
 n - 2 scrolls of amnesia
 o - 3 scrolls of vulnerability
 r - 2 scrolls of immolation
Potions
 b - a potion of haste
 c - a potion of attraction
 g - 7 potions of might
 h - 6 potions of flight
 j - 2 potions of ambrosia
 k - a potion of invisibility
 q - 6 potions of heal wounds
 v - 2 potions of lignification
 w - 2 potions of cancellation
 x - 7 potions of curing
 A - a potion of berserk rage


   Skills:
 + Level 9.0 Fighting
 + Level 12.7 Long Blades
 + Level 5.6 Armour
 + Level 7.5 Dodging
 - Level 12.4 Stealth
 + Level 3.7 Shields


You had 11 spell levels left.
You didn't know any spells.
Your spell library contained the following spells:

 Spells                   Type           Power      Damage    Failure   Level
 Apportation              Tloc           0%         N/A       90%         1
 Necrotise                Necr           0%         1d4       90%         1
 Summon Small Mammal      Summ           0%         N/A       90%         1
 Vampiric Draining        Necr           0%         2d6       99%         3
 Animate Dead             Necr           0%         N/A       100%        4
 Manifold Assault         Tloc           0%         N/A       100%        4
 Agony                    Necr           0%         N/A       100%        5
 Alistair's Intoxication  Tmut/Pois      0%         N/A       100%        5
 Freezing Cloud           Conj/Ice/Air   0%         6-21      100%        5
 Dispersal                Tloc           0%         N/A       100%        6
 Simulacrum               Ice/Necr       0%         N/A       100%        6
 Haunt                    Necr/Summ      0%         N/A       100%        7
 Disjunction              Tloc           0%         N/A       100%        8
 Infestation              Necr           0%         N/A       100%        8
 Polar Vortex             Ice            0%         N/A       100%        9


Dungeon Overview and Level Annotations

Branches:
Dungeon (9/15)             Temple (0/1) D:4            Lair (1/5) D:9
    Orc (0/2) D:9           Sewer (visited)          Bailey (visited)

Altars:
Gozag
Nemelex Xobeh
Ru
Trog
Vehumet

Shops:
D:1 :   D:6 [*!

Annotations:
D:9 2 transporters, Verendum's ghost, novice OpTm


Innate Abilities, Weirdness & Mutations

Your natural rate of healing is accelerated.
You have razor-sharp teeth.
You have supernaturally acute eyesight. (SInv)
You are afflicted with vampirism and can become a bat while bloodless.
You have sharp toenails.
Your mind is acute. (Int +4, Str/Dex -1)
You are covered in fur. (AC +1)


Message History

Your Fighting skill increases to level 9!
You slash the black bear! You claw the black bear. You bite the black bear!
The black bear is almost dead.
You feel very sick.
The black bear bites you but does no damage.
The black bear claws you but does no damage.
The black bear barely misses you.
You hit the black bear.
You kill the black bear!
Trog accepts your kill.
You feel sick. You block the water moccasin's attack.
You slash the water moccasin! Your kick misses the water moccasin.
The water moccasin is moderately wounded.
You feel sick.
The water moccasin bites you but does no damage.
The komodo dragon bites you.
You closely miss the water moccasin.
The water moccasin is moderately wounded.
You feel sick. You block the water moccasin's attack.
The komodo dragon bites you!!
You are too injured to fight recklessly!
You are too injured to fight recklessly!
You are too injured to fight recklessly!
You are too injured to fight recklessly!
You are too injured to fight recklessly!
You are too injured to fight recklessly!
You are too injured to fight recklessly!
You hit the water moccasin. You bite the water moccasin.
The water moccasin is severely wounded.
You feel sick.
The water moccasin bites you but does no damage.
The komodo dragon bites you!!
* * * LOW HITPOINT WARNING * * *
You block the water moccasin's attack.
Unknown command.
You closely miss the water moccasin. You claw the water moccasin!
The water moccasin is almost dead.
You feel sick. You block the water moccasin's attack.
The komodo dragon bites you!!
You die...

. ........# ........#
........## #
#..#.#### #...h....
##.#####.# #.>.#
##l## ## ###.@# .P#
##.(###.#S.#
#.##.#.#.........##
.........######...#
##..##...# ##.## # #
##.# #..#####.##.# ##
#..#### #......(....#
.#
#.##.####.####.##...#
## #.........# ##.#


You could see a komodo dragon and a water moccasin.

Vanquished Creatures
  2 vault guards (Bailey)
  Erica (D:9)
  A two-headed ogre (D:8)
  A black mamba (Lair:1)
  3 cane toads (Lair:1)
  A komodo dragon (Lair:1)
  Grinder (D:5)
  Prince Ribbit (Bailey)
  8 blink frogs (Lair:1)
  2 wyverns (D:9)
  A wraith (D:9)
  17 yaks (Lair:1)
  4 humans (Bailey)
  A steam dragon (Lair:1)
  2 vampire mosquitoes (D:9)
  An acid dragon (D:9)
  3 water moccasins
  A sky beast (D:8)
  2 orc warriors (D:9)
  A black bear (Lair:1)
  An ogre (D:5)
  7 wolves
  2 centaurs (D:9)
  2 phantoms (D:5)
  Blork the orc (D:5)
  4 kobold brigands
  13 bullfrogs
  A scorpion (D:7)
  8 killer bees (D:9)
  An electric eel (D:9)
  2 jellies
  2 gnoll boudas
  6 orc priests
  4 hounds
  4 iguanas
  14 orc wizards
  Natasha (thrice) (D:4)
  A merfolk siren (Sewer)
  A merfolk avatar (Sewer)
  13 gnolls
  13 adders
  4 river rats (Sewer)
  A shadow imp (D:7)
  A white imp (D:6)
  An ufetubus (D:4)
  2 worms
  3 dart slugs (D:1)
  59 orcs
  5 endoplasms
  9 giant cockroaches
  12 goblins
  4 hobgoblins
  32 kobolds
  13 quokkas
  5 ball pythons
  9 bats
  8 frilled lizards
  24 rats
349 creatures vanquished.

Vanquished Creatures (collateral kills)
  3 death yaks (D:9)
  The ghost of zero the Thaumaturge, a novice DgCj (D:8)
  Eustachio (D:5)
  Grum (D:8)
  An orc warrior (D:9)
  2 gnoll sergeants (D:8)
  3 killer bees (D:9)
  An iguana (D:5)
  2 orc wizards
  A gnoll (D:8)
  An orc (D:5)
17 creatures vanquished.

Vanquished Creatures (others)
  An orc wizard (D:9)
  An orc (D:9)
  7 fungi (Lair:1)
  13 plants
22 creatures vanquished.

Grand Total: 388 creatures vanquished

Notes
Turn   | Place    | Note
-------+----------+-------------------------------------------
     0 | D:1      | tsouns the Vampire Berserker began the quest for the Orb.
     0 | D:1      | Reached XP level 1. HP: 17/17 MP: 1/1
   265 | D:1      | Reached skill level 1 in Stealth
   310 | D:1      | Reached XP level 2. HP: 22/23 MP: 2/2
   316 | D:1      | Found Isiepte's Vocational Training.
   581 | D:2      | Gained mutation: You are afflicted with vampirism and can
                  | become a bat while bloodless. [Vampire growth]
   581 | D:2      | Reached XP level 3. HP: 21/29 MP: 3/3
   707 | D:2      | Found a faded altar of an unknown god.
  1233 | D:3      | Identified the +4 ring mail of Zear {Str+4 Int+4 Dex-2}
  1246 | D:3      | Reached ** piety under Trog
  1252 | D:3      | Found a glowing drain.
  1260 | D:3      | Reached XP level 4. HP: 31/35 MP: 4/4
  1290 | Sewer    | Entered a sewer
  1428 | Sewer    | Reached XP level 5. HP: 41/41 MP: 5/5
  1508 | Sewer    | Reached *** piety under Trog
  1521 | Sewer    | Reached skill level 5 in Long Blades
  1997 | D:3      | Reached XP level 6. HP: 48/48 MP: 6/6
  2620 | D:4      | Noticed Natasha
  2628 | D:4      | Killed Natasha
  2705 | D:4      | Found a staircase to the Ecumenical Temple.
  2817 | D:4      | Noticed Natasha
  2843 | D:4      | Killed Natasha
  2843 | D:4      | Reached **** piety under Trog
  2942 | D:4      | Noticed Natasha
  2949 | D:4      | Killed Natasha
  2950 | D:4      | Reached skill level 5 in Stealth
  2982 | D:5      | Entered Level 5 of the Dungeon
  3062 | D:5      | Noticed Eustachio
  3101 | D:5      | Noticed Blork the orc
  3101 | D:5      | Noticed Grinder
  3103 | D:5      | Paralysed by Grinder for 2 turns
  3114 | D:5      | Killed Eustachio
  3115 | D:5      | Reached XP level 7. HP: 23/55 MP: 7/7
  3118 | D:5      | Killed Blork the orc
  3122 | D:5      | Killed Grinder
  3266 | D:5      | Reached skill level 5 in Fighting
  3266 | D:5      | Reached XP level 8. HP: 62/62 MP: 8/8
  3333 | D:5      | Found an opulent altar of Gozag.
  3334 | D:5      | Found a sparkling altar of Nemelex Xobeh.
  4133 | D:6      | Found Xeohysism's Distillery.
  4136 | D:6      | Bought a potion of heal wounds for 60 gold pieces
  4136 | D:6      | Bought a potion of might for 48 gold pieces
  4136 | D:6      | Bought a potion of curing for 36 gold pieces
  4136 | D:6      | Bought a potion of degeneration for 12 gold pieces
  4136 | D:6      | Bought a potion of berserk rage for 60 gold pieces
  4136 | D:6      | Bought a potion of curing for 36 gold pieces
  4136 | D:6      | Bought a potion of curing for 36 gold pieces
  4179 | D:6      | Reached ***** piety under Trog
  4252 | D:6      | Found Ral Tuud's General Store.
  4368 | D:6      | Found Kecaleud's Antique Armour Boutique.
  4501 | D:7      | Found a flagged portal.
  4516 | Bailey   | Entered a bailey
  4539 | Bailey   | Reached XP level 9. HP: 50/69 MP: 9/9
  4662 | Bailey   | Noticed Prince Ribbit
  4683 | Bailey   | Killed Prince Ribbit
  4684 | Bailey   | Reached skill level 10 in Stealth
  4696 | Bailey   | Noticed a vault guard
  4726 | Bailey   | Killed a vault guard
  4727 | Bailey   | Reached skill level 10 in Long Blades
  4773 | Bailey   | Noticed a vault guard
  4798 | Bailey   | Killed a vault guard
  4799 | Bailey   | Reached XP level 10. HP: 19/79 MP: 10/10
  4957 | Bailey   | Gained mutation: You are occasionally teleported next to
                  | monsters. [potion of mutation]
  4957 | Bailey   | Gained mutation: Your magical capacity is low. (-10% MP)
                  | [potion of mutation]
  5617 | D:8      | Found a transporter.
  5619 | D:8      | Identified the +6 spear of the Dark Horse {venom, Will+
                  | Int+4 Stlth+}
  5619 | D:8      | Identified the +1 kite shield "Bepsok" {Drain rPois rN+
                  | Str+7}
  5625 | D:8      | Noticed Grum
  5694 | D:8      | Found a radiant altar of Vehumet.
  5858 | D:8      | Found a bloodstained altar of Trog.
  5909 | D:8      | Noticed a two-headed ogre
  5922 | D:8      | Killed a two-headed ogre
  5951 | D:8      | Found a transporter.
  5960 | D:8      | Identified the +5 scale mail of Peek-a-Boo {Will++ Str+2}
  6229 | D:8      | Identified the ring "Yttoer" {Int+6 Slay-6 SInv}
  6369 | D:8      | Noticed zero's ghost (novice DgCj)
  6382 | D:8      | Reached ****** piety under Trog
  6394 | D:8      | Killed zero's ghost
  6415 | D:8      | Killed Grum
  6441 | D:8      | Reached skill level 5 in Dodging
  6592 | D:9      | Noticed a death yak
  6598 | D:9      | Killed a death yak
  6603 | D:9      | Reached XP level 11. HP: 86/86 MP: 9/9
  6797 | D:9      | Noticed Erica
  6807 | D:9      | Killed Erica
  6807 | D:9      | Received a gift from Trog
  6976 | D:9      | Found a sacrificial altar of Ru.
  6993 | D:9      | Found a transporter.
  7038 | D:9      | Found a transporter.
  7057 | D:9      | Noticed Verendum's ghost (novice OpTm)
  7089 | D:9      | Found a staircase to the Lair.
  7089 | D:9      | Noticed a death yak
  7091 | D:9      | Noticed a death yak
  7115 | D:9      | Killed a death yak
  7116 | D:9      | Killed a death yak
  7117 | D:9      | Reached skill level 1 in Shields
  7122 | D:9      | Lost mutation: You are occasionally teleported next to
                  | monsters. [potion of mutation]
  7122 | D:9      | Lost mutation: Your magical capacity is low. (-10% MP)
                  | [potion of mutation]
  7122 | D:9      | Gained mutation: You have sharp toenails. [potion of
                  | mutation]
  7122 | D:9      | Gained mutation: You are covered in fur. (AC +1) [potion of
                  | mutation]
  7122 | D:9      | Gained mutation: Your mind is acute. (Int +4, Str/Dex -1)
                  | [potion of mutation]
  7346 | D:9      | Found a staircase to the Orcish Mines.
  7626 | Lair:1   | Entered Level 1 of the Lair of Beasts
  7876 | Lair:1   | Upgraded the game from 0.30-a0-476-g330ca2eb8e to
                  | 0.30-a0-509-gd016549fea
  7972 | Lair:1   | Reached skill level 5 in Armour
  8133 | Lair:1   | Reached XP level 12. HP: 72/94 MP: 12/12
  8298 | Lair:1   | Received a gift from Trog
  8424 | Lair:1   | Slain by a komodo dragon

Illustrated notes

Levels and vault maps discovered:
D:1:      dpeg_arrival_solitude, layout_rooms, nicolae_shop_vocational
D:2:      layout_basic, shapermc_ecumenical_altar_pompeii
D:3:      layout_loops_ring, portal_sewer_entry_f, bh_walls_and_bars
D:4:      layout_rooms, minmay_temple_entry_poolview, uniq_natasha
D:5:      layout_basic, grunt_temple_overflow_opulence, wad_rectangle_vault,
          uniq_blork_the_orc, uniq_eustachio, uniq_grinder
D:6:      layout_gridville, nicolae_tso_carved_into_rock, zin_academy,
          serial_shops, nicolae_shop_behind_doors,
          nicolae_shop_advertising_works [nicolae_subvault_shop_adworks], shop
D:7:      layout_rooms, enter_bailey_5, hangedman_decor_diamond_cutter
D:8:      layout_loops_corners, mainiacjoe_overflow_alcove_2,
          overflow_temple_1_default, gammafunk_ghost_gnarly_gnolls,
          uniq_prince_ribbit1
D:9:      layout_gridville, overflow_temple_1_default, dpeg_lair_monsters,
          erik_orc_2, gammafunk_ghost_berserking_beasts, uniq_erica
Lair:1:   layout_small_grid

Skill      XL: |  1  2  3  4  5  6  7  8  9 10 11 12 |
---------------+-------------------------------------+-----
Stealth        | 1 2 3 4 5 6 8 10 12 | 12.4
Fighting       | 3 4 5 6 7 8 9 |  9.0
Long Blades    | 4 5 6 7 8 10 11 12 | 12.7
Armour         | 2 3 5 |  5.6
Dodging        | 3 5 7 |  7.5
Shields        | 3 |  3.7

Action                   |  1- 3 |  4- 6 |  7- 9 | 10-12 || total
-------------------------+-------+-------+-------+-------++-------
Melee: Falchion          |   107 |   188 |   250 |   593 ||  1138
       Bite              |     7 |    18 |    30 |    91 ||   146
       Punch             |     1 |     2 |     5 |     2 ||    10
       Kick              |       |       |       |   135 ||   135
       Long sword        |       |       |       |    13 ||    13
Invok: Berserk           |       |     1 |     1 |     3 ||     5
       Brothers in Arms  |       |     1 |       |     3 ||     4
Evoke: Wand              |       |       |     3 |     2 ||     5
  Use: Scroll            |     7 |     2 |     8 |     1 ||    18
       Potion            |       |     3 |       |     5 ||     8
 Stab: Sleeping          |       |     7 |     5 |     7 ||    19
       Distracted        |       |       |     3 |     5 ||     8
       Paralysed         |       |       |     7 |     4 ||    11
       Invisible         |       |       |     1 |     3 ||     4
Armor: Animal skin       |    31 |       |       |       ||    31
       Ring mail         |       |    63 |    75 |    32 ||   170
       Scale mail        |       |       |       |   169 ||   169
Dodge: Dodged            |    79 |   110 |   103 |   270 ||   562
Block: Kite shield       |       |       |       |   223 ||   223

Table legend: (Time is in decaauts)
 A = Elapsed time spent in this place.
 B = Non-inter-level travel time spent in this place.
 C = Inter-level travel time spent in this place.
 D = Time resting spent in this place.
 E = Time spent auto-exploring this place.
 F = Levels seen in this place.
 G = Mean time per level.
                   A        B        C        D        E       F      G
               +--------+--------+--------+--------+--------+-----+--------+
         Total |   8426 |   8121 |    305 |     29 |   5594 |  12 |  702.2 |
       Dungeon |   6736 |   6431 |    305 |      0 |   4654 |   9 |  748.4 |
          Lair |    761 |    761 |      0 |      0 |    413 |   1 |  761.0 |
         Sewer |    373 |    373 |      0 |      0 |    180 |   1 |  373.0 |
        Bailey |    554 |    554 |      0 |     29 |    346 |   1 |  554.0 |
               +--------+--------+--------+--------+--------+-----+--------+

Top non-repeatable levels by time:
     D:9: 1086 daAuts
     D:8: 1021 daAuts
     D:3: 877 daAuts
     D:5: 779 daAuts
  Lair:1: 761 daAuts
     D:2: 686 daAuts
     D:6: 672 daAuts
     D:4: 645 daAuts
  Bailey: 554 daAuts
     D:7: 488 daAuts
     D:1: 478 daAuts
   Sewer: 373 daAuts
